 Dungeon Crawl Stone Soup version 0.29-a0-319-gad05b8d819 (webtiles) character file.

Game seed: 17585615961010498807

3917 kae the Arsonist (level 10, -16/58 HPs)
             Began as a Tengu Fire Elementalist on Apr 1, 2022.
             Was an Initiate of Vehumet.
             Demolished by a wolf spider simulacrum (22 damage)
             ... on level 9 of the Dungeon.
             The game lasted 00:09:44 (17298 turns).

kae the Arsonist (Tengu Fire Elementalist)         Turns: 17298, Time: 00:09:44

Health: -16/58     AC:  9    Str:  9    XL:     10   Next: 20%
Magic:  15/18      EV: 17    Int: 19    God:    Vehumet [......]
Gold:   316        SH:  5    Dex: 15    Spells: 6/19 levels left

rFire   + + .      SeeInvis +   B - staff of fire
rCold   x . .      Faith    .   u - +0 buckler
rNeg    . . .      Spirit   .   F - +0 steam dragon scales
rPois   .          Reflect  .   (helmet restricted)
rElec   .          Harm     .   (no cloak)
rCorr   .          Rampage  .   q - +2 pair of gloves
Will    .....                   (boots unavailable)
Stlth   ++........              (no amulet)
HPRegen 0.19/turn               e - ring of see invisible
MPRegen 0.16/turn               j - ring of fire

@: flying quickly and evasively, quick
A: beak, talons 3, nimble flight
a: Renounce Religion


You were on level 9 of the Dungeon.
You worshipped Vehumet.
Vehumet was noncommittal.
You visited 2 branches of the dungeon, and saw 10 of its levels.
You also visited: Bailey.

You collected 421 gold pieces.
You spent 105 gold pieces at shops.

Inventory:

Hand Weapons
 d - a +1 short sword
Armour
 a - a +0 robe
 q - a +2 pair of gloves (worn)
 u - a +0 buckler (worn)
 F - +0 steam dragon scales (worn)
Magical Staves
 B - a staff of fire (weapon)
Jewellery
 e - a ring of see invisible (left hand)
 f - the ring of Aceanwe {rPois rC+ Str+2}
   (You found it on level 3 of the Dungeon)

   [ring of poison resistance]

   Str:       It affects your strength (+2).
   rC:        It protects you from cold.
   rPois:     It protects you from poison.
 i - an amulet of magic regeneration
 j - a ring of fire (right hand)
 t - an amulet of faith
 v - a ring of positive energy
 x - a +6 ring of dexterity
 C - a ring of fire
 D - a ring of protection from fire
Wands
 p - a wand of digging (11)
 y - a wand of polymorph (6)
 G - a wand of flame (7)
 H - a wand of iceblast (9)
 I - a wand of mindburst (7)
Scrolls
 l - 3 scrolls of identify
 n - 3 scrolls of enchant armour
 A - a scroll of teleportation
 J - a scroll of enchant weapon
Potions
 b - 5 potions of magic
 c - 3 potions of haste
 g - 3 potions of might
 h - a potion of ambrosia
 k - 6 potions of heal wounds
 m - 5 potions of flight
 o - 6 potions of curing
 r - a potion of brilliance
 s - a potion of mutation
 w - 2 potions of resistance
 z - a potion of attraction
 E - 2 potions of degeneration


   Skills:
 + Level 4.8 Fighting
 + Level 5.5 Armour
 + Level 6.0 Dodging
 - Level 2.0 Stealth
 - Level 4.0 Shields
 + Level 5.1 Spellcasting
 + Level 6.7 Conjurations
 * Level 8.8 Fire Magic
 + Level 1.2 Evocations


You had 6 spell levels left.
You knew the following spells:

 Your Spells              Type           Power      Damage    Failure   Level
a - Foxfire               Conj/Fire      100%       2x1d9     1%          1
b - Scorch                Fire           100%       2d10      1%          2
c - Conjure Flame         Conj/Fire      67%        6-21      1%          3
d - Inner Flame           Hex/Fire       48%        N/A       8%          3
e - Flame Wave            Conj/Fire      67%        2d12      6%          4

Your spell library contained the following spells:

 Spells                   Type           Power      Damage    Failure   Level
 Summon Small Mammal      Summ           16%        N/A       16%         1
 Corpse Rot               Necr/Air       8%         N/A       24%         2
 Call Canine Familiar     Summ           4%         N/A       43%         3
 Summon Guardian Golem    Hex/Summ       4%         N/A       43%         3
 Tukima's Dance           Hex            4%         N/A       43%         3
 Anguish                  Hex/Necr       2%         N/A       83%         4
 Dispel Undead            Necr           4%         3d7       83%         4
 Death Channel            Necr           2%         N/A       100%        6
 Summon Cactus Giant      Summ           2%         N/A       100%        6
 Enfeeble                 Hex            2%         N/A       100%        7


Dungeon Overview and Level Annotations

Branches:
Dungeon (9/15)             Temple (1/1) D:5          Bailey (visited)
   Lair: D:8-11         Orc: D:9-12

Altars:
Ashenzari
Cheibriados
Dithmenos
Elyvilon
Gozag
Hepliaklqana
Kikubaaqudgha
Makhleb
Nemelex Xobeh
Okawaru
Qazlal
Ru
Sif Muna
Trog
Uskayaw
Vehumet
Wu Jian
Xom
Yredelemnul
Zin
The Shining One

Shops:
D:2 =   D:5 *   D:7 =


Innate Abilities, Weirdness & Mutations

You have a beak for a mouth.
You have claws for feet.
Your magical nature lets you fly swiftly and evasively.


Message History

There is an escape hatch in the floor here.
There is an escape hatch in the floor here.
Found a stone staircase leading up.
Found a stone staircase leading down.
Key pressed, stopping explore.
A wolf spider simulacrum comes into view.
Found 18 gold pieces.
A wolf spider simulacrum is nearby!
A wolf spider simulacrum is nearby!
A wolf spider simulacrum is nearby!
Casting: Scorch (safe; 1% risk of failure)
Confirm with . or Enter, or press ? or * to list all spells.
You feel a strong surge of power!
You conjure some foxfire!
The foxfire hits the wolf spider simulacrum!
The wolf spider simulacrum melts!
The wolf spider simulacrum is moderately damaged.
The foxfire hits the wolf spider simulacrum but does no damage.
The wolf spider simulacrum is moderately damaged.
Casting: Foxfire (safe; 1% risk of failure)
Confirm with . or Enter, or press ? or * to list all spells.
You feel a strong surge of power!
You conjure some foxfire!
The foxfire hits the wolf spider simulacrum.
The wolf spider simulacrum melts!
The wolf spider simulacrum is heavily damaged.
The foxfire hits the wolf spider simulacrum!
The wolf spider simulacrum melts!
The wolf spider simulacrum is almost destroyed.
The wolf spider simulacrum misses you. The wolf spider simulacrum bites you!
The wolf spider simulacrum freezes you!!!
You feel a terrible chill!
Ouch! That really hurt!
* * * LOW HITPOINT WARNING * * *
Casting: Foxfire (safe; 1% risk of failure)
Confirm with . or Enter, or press ? or * to list all spells.
You feel a strong surge of power!
You conjure some foxfire!
The wolf spider simulacrum hits you.
* * * LOW HITPOINT WARNING * * *
The wolf spider simulacrum freezes you!!
You feel a terrible chill!
You die...

#...# #..)...(# #.###
#.##.#### #.#########.##.#
...#####............#.#####
.>.......#####.............
#........#..........#.#####
#...####..................#
### #.v.###..#.#.#.#.#.#
#.v@# . #.#.#.#<#.# #..Z# #
# #.#.#.# #...# #......
#.... #...... #.#.##
##....# #.#.# #.....# #.#.#
#.#....# ..$.. ........#
#..##..##


You could see a wolf spider simulacrum (ally target).

Vanquished Creatures
  A hornet (D:9)
  4 yaks
  A wyvern (D:9)
  A steam dragon (D:9)
  Duvessa (D:7)
  2 orc warriors
  2 ice beasts
  4 sky beasts
  2 centaurs
  A phantom (D:6)
  A necrophage (D:7)
  4 scorpions
  3 bullfrogs
  A gnoll sergeant (D:8)
  3 wights (D:4)
  Dowan (D:7)
  A howler monkey (D:6)
  A crimson imp (D:6)
  3 hounds
  An orc priest (D:6)
  Jessica (D:2)
  2 gnoll shamans
  5 iguanas
  7 orc wizards
  26 gnolls
  7 adders
  3 shadow imps
  A white imp (D:6)
  An ufetubus (D:4)
  5 worms
  3 dart slugs
  39 orcs
  8 ball pythons
  7 endoplasms
  3 giant cockroaches
  13 goblins
  5 hobgoblins
  3 jackals (D:1)
  6 quokkas
  3 bats
  3 frilled lizards
  8 kobolds
  3 rats (D:1)
200 creatures vanquished.

Vanquished Creatures (others)
  699 foxfires
  10 fungi (D:1)
709 creatures vanquished.

Grand Total: 909 creatures vanquished

Notes
Turn   | Place    | Note
-------+----------+-------------------------------------------
     0 | D:1      | kae the Tengu Fire Elementalist began the quest for the
                  | Orb.
     0 | D:1      | Reached XP level 1. HP: 10/10 MP: 4/4
   447 | D:1      | Reached XP level 2. HP: 14/15 MP: 4/6
  1174 | D:1      | Reached XP level 3. HP: 20/20 MP: 4/7
  1180 | D:1      | Learned a level 2 spell: Scorch
  1184 | D:1      | Learned a level 3 spell: Conjure Flame
  1757 | D:1      | Found a faded altar of an unknown god.
  1962 | D:2      | Found Natwer's Jewellery Boutique.
  2136 | D:2      | Reached skill level 4 in Fire Magic
  2308 | D:2      | Reached skill level 1 in Armour
  2308 | D:2      | Reached XP level 4. HP: 17/24 MP: 2/8
  2469 | D:2      | Noticed Jessica
  2478 | D:2      | Killed Jessica
  2479 | D:2      | Reached skill level 1 in Fighting
  3379 | D:3      | Identified the ring of Aceanwe {rPois rC+ Str+2}
  3554 | D:3      | Gained mutation: Your magical nature lets you fly swiftly
                  | and evasively. [Tengu growth]
  3554 | D:3      | Reached XP level 5. HP: 22/29 MP: 9/9
  5262 | D:4      | Reached skill level 5 in Fire Magic
  5262 | D:4      | Reached XP level 6. HP: 11/35 MP: 4/11
  6444 | D:5      | Entered Level 5 of the Dungeon
  6518 | D:4      | Reached XP level 7. HP: 36/40 MP: 7/12
  7134 | D:5      | Found Xuradax's General Store.
  7143 | D:5      | Bought a scroll of blinking for 105 gold pieces
  7480 | D:5      | Reached skill level 1 in Shields
  7559 | D:5      | Found a glowing golden altar of the Shining One.
  7618 | D:5      | Found a staircase to the Ecumenical Temple.
  7625 | D:5      | Reached skill level 6 in Fire Magic
  7744 | Temple   | Entered the Ecumenical Temple
  8313 | D:6      | Reached XP level 8. HP: 40/45 MP: 10/14
  8678 | D:6      | Found an ornate altar of the Wu Jian Council.
  9003 | D:6      | Found a shimmering altar of Xom.
  9003 | D:6      | Found a burning altar of Makhleb.
  9417 | D:6      | Reached skill level 5 in Conjurations
  9567 | D:6      | HP: 2/46 [gnoll/+0 whip (4)]
 10485 | D:6      | Reached skill level 7 in Fire Magic
 10485 | D:6      | Reached XP level 9. HP: 46/51 MP: 11/16
 10605 | D:6      | Found a shimmering altar of Xom.
 10607 | D:6      | Found a burning altar of Makhleb.
 10625 | D:6      | Found an ornate altar of the Wu Jian Council.
 11696 | D:7      | Found Uttiw's Jewellery Shoppe.
 11710 | D:6      | Reached skill level 5 in Dodging
 11977 | D:7      | Found a flagged portal.
 11985 | Bailey   | Entered a bailey
 12451 | Bailey   | Learned a level 3 spell: Inner Flame
 12456 | Bailey   | Learned a level 4 spell: Flame Wave
 12457 | Bailey   | Noticed an orc knight
 13161 | D:7      | Noticed Dowan
 13164 | D:7      | Noticed Duvessa
 13175 | D:7      | Killed Dowan
 13177 | D:7      | Killed Duvessa
 13461 | D:7      | Found a white marble altar of Elyvilon.
 13663 | D:7      | Found a basalt altar of Yredelemnul.
 14327 | D:7      | Reached skill level 8 in Fire Magic
 14684 | D:6      | Reached skill level 5 in Armour
 15598 | D:8      | Reached XP level 10. HP: 52/58 MP: 12/18
 15723 | D:8      | Found a shadowy altar of Dithmenos.
 15723 | D:8      | Found a bloodstained altar of Trog.
 15850 | D:8      | Found a hide-covered altar of Uskayaw.
 15854 | D:8      | Found a sparkling altar of Nemelex Xobeh.
 15897 | D:8      | Found a radiant altar of Vehumet.
 15953 | D:8      | Found a shimmering blue altar of Sif Muna.
 16542 | D:8      | Became a worshipper of Vehumet
 16716 | D:9      | Reached skill level 5 in Spellcasting
 16900 | D:9      | Reached skill level 1 in Evocations
 17298 | D:9      | Demolished by a wolf spider simulacrum

Illustrated notes

Levels and vault maps discovered:
D:1:      scummos_arrival_checkerplants, layout_loops_corners,
          hellmonk_ecumenical_altar_heavens_door,
          nicolae_concentric_dashed_squares_wild, st_stairs_7
D:2:      layout_rooms, serial_shops,
          nicolae_shop_temple_entry_statues_fountains,
          minmay_fractal_squares_gapless_5, uniq_jessica
D:3:      layout_basic, minmay_misc_feat_cross, chequers_serial_rivers_marsh,
          minmay_misc_feat_columns
D:4:      layout_basic
D:5:      layout_basic, tso_metal_star, minmay_temple_entry_tees, serial_shops,
          shop, interstate_on_off, hangedman_decor_growths, minmay_crossroads
D:6:      layout_loops_corners, grunt_temple_overflow_champion_of_chaos,
          old_standard_altar, ldierk_geyser, minmay_stone_trees_large,
          st_stairs_1
D:7:      cheibrodos_helix_gallery, layout_layer_cave, kennysheep_ying_yang,
          serial_shops, nicolae_shop_crystal, lightli_bailey_entry_fortress,
          uniq_duvessa
D:8:      layout_cave_pods, led_sif_pool, fiery_altar_vehumet,
          nicolae_overflow_hidden_temple
D:9:      layout_loops_ring, due_unseen_surprise
Temple:   compressed_dpeg_triangle_lava_temple

Skill      XL: |  1  2  3  4  5  6  7  8  9 10 |
---------------+-------------------------------+-----
Conjurations   | 2 3 4 5 6 |  6.7
Fire Magic     | 4 5 6 7 8 |  8.8
Armour         | 1 2 3 4 5 |  5.5
Fighting       | 1 2 3 4 |  4.8
Dodging        | 3 4 5 6 |  6.0
Spellcasting   | 3 4 5 |  5.1
Shields        | 1 3 4 |  4.0
Evocations     | 1 |  1.2
Stealth        | |  2.0

Action                   |  1- 3 |  4- 6 |  7- 9 | 10-12 || total
-------------------------+-------+-------+-------+-------++-------
Melee: Short sword       |    15 |    42 |    37 |       ||    94
       Kick              |     4 |     7 |    16 |       ||    27
       Peck              |     2 |     6 |     8 |       ||    16
       Punch             |       |       |     1 |       ||     1
       Unarmed           |       |       |     7 |       ||     7
       Staff             |       |       |       |     1 ||     1
 Cast: Foxfire           |    81 |    92 |   208 |    34 ||   415
       Scorch            |       |     8 |    95 |    11 ||   114
       Conjure Flame     |       |     1 |     1 |     3 ||     5
  Use: Scroll            |     3 |     7 |    16 |     1 ||    27
       Potion            |     1 |     1 |     3 |       ||     5
 Stab: Sleeping          |     1 |     1 |       |       ||     2
Armor: Robe              |     6 |    15 |    32 |     1 ||    54
       Skin              |       |       |     5 |       ||     5
Dodge: Dodged            |    33 |    72 |   163 |    13 ||   281
Block: Buckler           |       |       |    34 |     5 ||    39

Table legend: (Time is in decaauts)
 A = Elapsed time spent in this place.
 B = Non-inter-level travel time spent in this place.
 C = Inter-level travel time spent in this place.
 D = Time resting spent in this place.
 E = Time spent auto-exploring this place.
 F = Levels seen in this place.
 G = Mean time per level.
                   A        B        C        D        E       F      G
               +--------+--------+--------+--------+--------+-----+--------+
         Total |  16637 |  16188 |    449 |   2263 |  11772 |  11 | 1512.5 |
       Dungeon |  15842 |  15418 |    424 |   2184 |  11188 |   9 | 1760.2 |
        Temple |    300 |    275 |     25 |      0 |    270 |   1 |  300.0 |
        Bailey |    493 |    493 |      0 |     79 |    313 |   1 |  493.0 |
               +--------+--------+--------+--------+--------+-----+--------+

Top non-repeatable levels by time:
     D:6: 3505 daAuts
     D:7: 2350 daAuts
     D:4: 2103 daAuts
     D:1: 1962 daAuts
     D:8: 1642 daAuts
     D:2: 1353 daAuts
     D:3: 1248 daAuts
     D:5: 1100 daAuts
     D:9: 575 daAuts
  Bailey: 493 daAuts
  Temple: 300 daAuts
